[Event "Titled Tuesday Blitz November 29 Early 2022"]
[White "Adel, Sara"]
[Black "Shapiro, Daniel"]
[WhiteFideId "10616764"]
[BlackFideId "2001780"]
[WhiteElo "1994"]
[BlackElo "2312"]
[Result "0-1"]
[Round "09"]
[TimeControl "180+1"]
[Date "2022.11.30"]
[WhiteClock "0:00:17"]
[BlackClock "0:00:06"]

1. e4 e5 2. Nf3 Nc6 3. Bc4 Be7 4. c3 Nf6 5. d4 d6 6. O-O O-O 7. Re1 h6 8. d5 Nb8 9. h3 Ne8 10. Nh2 f5 11. Qh5 Nf6 12. Qg6 Nxe4 13. f3 Ng5 14. h4 Nf7 15. Bd3 Bxh4 16. g3 Qf6 17. Qxf6 Bxf6 18. g4 fxg4 19. Nxg4 Bg5 20. Nd2 Nd7 21. Ne4 Bf4 22. Kf2 Ng5 23. Rg1 Nb6 24. c4 Bxc1 25. Raxc1 Rxf3+ 26. Ke2 Bxg4 27. Rxg4 Rf4 28. Rcg1 Rxg4 29. Rxg4 Nxe4 30. Bxe4 Nxc4 31. Bf5 Nb6 32. Be6+ Kh8 33. a4 c6 34. a5 Nxd5 35. Kd2 Nf6 36. Rb4 Re8 37. Bh3 Re7 38. a6 bxa6 39. Rb8+ Kh7 40. Bf5+ g6 41. Bd3 h5 42. Bxa6 e4 43. Bf1 d5 44. Rc8 Re6 45. Bh3 Rd6 46. Rc7+ Kh6 47. Rxa7 g5 48. Bf5 g4 49. Ke3 Kg5 50. Bc8 d4+ 51. Ke2 h4 52. Rg7+ Kf4 53. Rf7 d3+ 54. Ke1 e3 55. Ba6 Kg3 56. Bxd3 Rxd3 57. Rxf6 h3 58. Ke2 Rd2+ 59. Kxe3 Rxb2 60. Rh6 h2 61. Rh5 h1=Q 62. Rxh1 Rb3+ 63. Ke2 Kg2 64. Rc1 g3 65. Rxc6 Rb2+ 66. Ke1 Rf2 67. Rg6 Rf4 68. Rh6 Re4+ 69. Kd1 Kf2 70. Rf6+ Kg1 71. Rg6 g2 72. Rf6 Rh4 73. Ke1 Kh1 74. Rg6 g1=Q+ 75. Rxg1+ Kxg1 0-1


[Site "https://www.chess.com"]

[Event "Titled Tuesday Blitz November 29 Early 2022"]
[White "Aldokhin, Ivan"]
[Black "Chernov, Mikhail"]
[WhiteFideId "24115720"]
[BlackFideId "24143170"]
[WhiteElo "2313"]
[BlackElo "2113"]
[Result "1-0"]
[Round "09"]
[TimeControl "180+1"]
[Date "2022.11.30"]
[WhiteClock "0:00:26"]
[BlackClock "0:00:08"]

1. e4 c5 2. Nf3 Nc6 3. d4 cxd4 4. Nxd4 Nf6 5. Nc3 d6 6. Bc4 e6 7. Bb3 a6 8. Be3 Qc7 9. Qe2 Na5 10. g4 Nd7 11. Bxe6 fxe6 12. Nxe6 Qc4 13. Qxc4 Nxc4 14. Nc7+ Kd8 15. Nxa8 Nxe3 16. fxe3 b5 17. a4 b4 18. Nd5 Bb7 19. Nac7 Nc5 20. O-O Nxe4 21. Rf7 Ng5 22. Rf5 Be7 23. h4 Ne4 24. Rf7 Bxh4 25. Raf1 Bxd5 26. Nxd5 Nf6 27. Ra7 Nxd5 28. Ra8+ Ke7 29. Rxh8 Nxe3 30. Rf3 Nxg4 31. Rf4 Ne5 32. Rxh7 Bf6 33. Rxb4 Ke6 34. Kg2 Kf5 35. Rh8 g5 36. Rf8 Ng6 37. Rxf6+ Kxf6 38. Rb6 Kf5 39. Rxa6 g4 40. Rxd6 Nf4+ 41. Kg3 Nh5+ 42. Kh4 Nf6 43. Rxf6+ Kxf6 1-0


[Site "https://www.chess.com"]

[Event "Titled Tuesday Blitz November 29 Early 2022"]
[White "Aloma Vidal, Robert"]
[Black "Womacka, Mathias"]
[WhiteFideId "2260409"]
[BlackFideId "4611390"]
[WhiteElo "2435"]
[BlackElo "2378"]
[Result "1-0"]
[Round "09"]
[TimeControl "180+1"]
[Date "2022.11.30"]
[WhiteClock "0:00:09"]
[BlackClock "0:00:15"]

1. e4 c5 2. c3 d5 3. exd5 Qxd5 4. d4 Nf6 5. Nf3 e6 6. Na3 Qd8 7. Nc2 Qc7 8. g3 Nbd7 9. Bg2 Bd6 10. O-O O-O 11. a4 Rb8 12. a5 a6 13. Qe2 cxd4 14. Ncxd4 Nc5 15. Re1 e5 16. Nxe5 Re8 17. f4 Ng4 18. Qc4 Nxe5 19. fxe5 Bxe5 20. Bf4 Bd7 21. Rxe5 Rxe5 22. b4 Bb5 23. Nxb5 axb5 24. Qxb5 Nd7 25. Rd1 Qxc3 26. Qxd7 Re1+ 27. Rxe1 Qxe1+ 28. Bf1 Re8 29. Qxb7 Qd1 30. a6 g5 31. Qb5 Qd4+ 32. Kg2 Qe4+ 33. Kh3 gxf4 34. Bd3 Qe6+ 35. Kg2 fxg3 36. hxg3 Rd8 37. Qg5+ Kf8 38. Qxd8+ Kg7 39. Qd4+ 1-0


[Site "https://www.chess.com"]

[Event "Titled Tuesday Blitz November 29 Early 2022"]
[White "Ambartsumova, Karina"]
[Black "Zhu, Jiner"]
[WhiteFideId "4166299"]
[BlackFideId "8608059"]
[WhiteElo "2319"]
[BlackElo "2384"]
[Result "0-1"]
[Round "09"]
[TimeControl "180+1"]
[Date "2022.11.30"]
[WhiteClock "0:00:04"]
[BlackClock "0:00:15"]

1. Nf3 Nf6 2. g3 g6 3. Bg2 Bg7 4. O-O O-O 5. d4 d6 6. b3 Nbd7 7. Bb2 Qe8 8. Re1 e5 9. dxe5 dxe5 10. Ba3 e4 11. Bxf8 Nxf8 12. Nd4 c5 13. e3 cxd4 14. exd4 Qd8 15. c3 Bg4 16. Qd2 Ne6 17. h3 Bf3 18. Na3 h5 19. Nc4 Bxg2 20. Kxg2 Rc8 21. Ne3 Bh6 22. Qb2 Ng5 23. Rad1 Qd7 24. Rh1 Nf3 25. c4 h4 26. d5 Bg7 27. Qe2 hxg3 28. fxg3 Nh5 29. Ng4 f5 30. Nh2 Qd6 31. Nf1 Be5 32. Qf2 b6 33. h4 Kg7 34. Rh3 Rf8 35. Nd2 Nxd2 36. Qxd2 Bxg3 37. Rhh1 Be5 38. Rhe1 Nf4+ 39. Kg1 Nd3 40. Rf1 Bd4+ 41. Kg2 Rh8 42. Qg5 Bf6 43. Qg3 Be5 44. Qg5 Bf4 45. Rxf4 Nxf4+ 46. Kf1 Rh5 47. Qg3 Kf7 48. Rd2 Ke7 49. Rh2 Nd3 50. Qg2 Qf4+ 51. Ke2 Ne5 52. Rh3 Qg4+ 53. Qxg4 Nxg4 54. Rh1 Kd6 55. Kd2 f4 56. Ke2 e3 57. Kf3 Nf2 58. Rf1 Rf5 59. Rg1 Rf6 60. Ke2 Ne4 61. Kf3 Nd2+ 62. Ke2 Ke5 63. Rg5+ Ke4 64. d6 f3+ 65. Kd1 Rxd6 66. Rd5 Rxd5 0-1


[Site "https://www.chess.com"]

[Event "Titled Tuesday Blitz November 29 Early 2022"]
[White "Aqib Javaid Butt"]
[Black "Ciuffoletti, Paolo"]
[WhiteFideId "7801262"]
[BlackFideId "807630"]
[WhiteElo "1659"]
[BlackElo "2143"]
[Result "0-1"]
[Round "09"]
[TimeControl "180+1"]
[Date "2022.11.30"]
[WhiteClock "0:00:26"]
[BlackClock "0:00:29"]

1. d4 d5 2. Nf3 Nf6 3. c4 c6 4. Nc3 dxc4 5. e3 b5 6. a4 b4 7. Nb1 e6 8. Bxc4 a5 9. O-O Be7 10. Qe2 Nbd7 11. e4 Bb7 12. Nbd2 c5 13. e5 Nd5 14. Nb3 cxd4 15. Nbxd4 O-O 16. Rd1 Qb6 17. Be3 Nc5 18. Nb5 Nxe3 19. Qxe3 Rfd8 20. Ng5 Qc6 21. f3 h6 22. Nh3 Nxa4 23. b3 Nc3 24. Nxc3 Bc5 25. Bd5 0-1


[Site "https://www.chess.com"]

[Event "Titled Tuesday Blitz November 29 Early 2022"]
[White "Balabayeva, Xeniya"]
[Black "Dudzinski, Pawel"]
[WhiteFideId "13719688"]
[BlackFideId "1117890"]
[WhiteElo "2041"]
[BlackElo "2086"]
[Result "1-0"]
[Round "09"]
[TimeControl "180+1"]
[Date "2022.11.30"]
[WhiteClock "0:00:25"]
[BlackClock "0:00:02"]

1. d4 d5 2. c4 c6 3. Nc3 e6 4. Nf3 f5 5. e3 Nf6 6. Bd3 Be7 7. O-O O-O 8. b3 Bd7 9. Bb2 Be8 10. Ne5 Nbd7 11. Nxd7 Qxd7 12. Qe2 Bh5 13. f3 Kh8 14. Rae1 g5 15. Qc2 g4 16. f4 Bf7 17. Ne2 Kg7 18. Ng3 h5 19. c5 h4 20. Ne2 Rh8 21. Nc3 g3 22. h3 Bh5 23. Rc1 Ne4 24. Nxe4 fxe4 25. Be2 Qe8 26. f5 exf5 27. Rxf5 Bg6 28. Re5 Rf8 29. Bc3 Qd7 30. Bg4 Qc7 31. Ba5 Qb8 32. Rxe7+ Rf7 33. Rxf7+ Bxf7 34. Rf1 Bg6 35. Qe2 Qd8 36. Bxd8 1-0


[Site "https://www.chess.com"]

[Event "Titled Tuesday Blitz November 29 Early 2022"]
[White "Bashirli, Saadat"]
[Black "Petrovic, Aleksa"]
[WhiteFideId "13429990"]
[BlackFideId "967629"]
[WhiteElo "1408"]
[BlackElo "2224"]
[Result "1-0"]
[Round "09"]
[TimeControl "180+1"]
[Date "2022.11.30"]
[WhiteClock "0:00:02"]
[BlackClock "0:00:01"]

1. d4 Nf6 2. c4 e6 3. Nc3 Bb4 4. e3 O-O 5. Bd3 d5 6. a3 Bxc3+ 7. bxc3 b6 8. cxd5 exd5 9. Ne2 Ba6 10. Bb1 Nc6 11. O-O Na5 12. Re1 Bc4 13. Bc2 Qd7 14. Ng3 Rfe8 15. f3 h5 16. e4 h4 17. Nf5 h3 18. gxh3 dxe4 19. fxe4 Be6 20. Bg5 Bxf5 21. exf5 Rxe1+ 22. Qxe1 Re8 23. Qf2 Ne4 24. Bxe4 Rxe4 25. Qf3 Qd5 26. Rf1 Nc4 27. Bc1 f6 28. Qg3 Nd6 29. Qf3 Kf7 30. Qh5+ Ke7 31. Qg6 Qf7 32. Qxf7+ Kxf7 33. Kg2 Re2+ 34. Kg3 Ne4+ 35. Kf3 Nxc3 36. Bf4 Ra2 37. Bxc7 Rxa3 38. Rc1 a5 39. Kg4 Nd5 40. Bd6 Rd3 41. Rc8 Rxd4+ 42. Kf3 g6 43. fxg6+ Kxg6 44. Rb8 Kf5 45. Bf8 Rd3+ 46. Ke2 Nf4+ 47. Kf2 Nxh3+ 48. Kg2 Nf4+ 49. Kf2 Nh3+ 50. Kg2 Kg4 51. Rxb6 Rd2+ 52. Kf1 Nf4 53. Rb1 Kf3 54. Bh6 Rf2+ 55. Kg1 Nh3+ 56. Kh1 Re2 57. Rf1+ Nf2+ 58. Kg1 a4 59. Bc1 f5 60. Ba3 Ke3 61. Bc1+ Kf3 62. Ba3 Re3 63. Bc1 1-0


[Site "https://www.chess.com"]

[Event "Titled Tuesday Blitz November 29 Early 2022"]
[White "Bernat, David"]
[Black "De Souza, Cristiano Gomes"]
[WhiteFideId "2099225"]
[BlackFideId "2151758"]
[WhiteElo "2338"]
[BlackElo "2068"]
[Result "1/2-1/2"]
[Round "09"]
[TimeControl "180+1"]
[Date "2022.11.30"]
[WhiteClock "0:00:34"]
[BlackClock "0:00:51"]

1. c4 Nf6 2. Nc3 g6 3. e4 d6 4. g3 Bg7 5. Bg2 O-O 6. Nge2 c5 7. O-O Nc6 8. d3 Ne8 9. Be3 Nc7 10. d4 cxd4 11. Nxd4 Nxd4 12. Bxd4 Ne6 13. Bxg7 Kxg7 14. b3 Bd7 15. Nd5 Bc6 16. f4 b6 17. f5 Bxd5 18. Qxd5 Nc7 19. Qd4+ f6 20. g4 Rc8 21. g5 Ne8 22. Rad1 Qc7 23. h4 Qc5 24. Kh2 Qxd4 25. Rxd4 Rc5 26. Rd5 Nc7 27. Rxc5 bxc5 28. fxg6 hxg6 29. Bh3 fxg5 30. Rxf8 Kxf8 31. hxg5 Na6 32. Kg3 Nb4 33. a4 Nd3 34. Bg4 a5 35. Be2 Ne5 36. Kf4 Kf7 37. Bf1 Nc6 38. Bh3 Nd4 39. e5 Nxb3 40. exd6 exd6 41. Ke4 Ke7 42. Kd5 Nd4 43. Bg4 Nb3 44. Kc6 Nd2 45. Kb5 Kd8 46. Be6 Kc7 47. Kxa5 Ne4 48. Bf7 Nxg5 49. Bxg6 Ne6 50. Kb5 Nd4+ 51. Ka6 Nc6 52. a5 d5 53. cxd5 Nb4+ 54. Kb5 Nxd5 55. Kxc5 Ne7 56. Be4 Kb8 57. Kb6 Nc8+ 58. Kc6 Ka7 59. Bd3 Ne7+ 60. Kc7 Nd5+ 61. Kc6 Nb4+ 62. Kb5 Nxd3 63. Kc4 Ne5+ 64. Kc3 Nc6 65. Kc2 Ka6 66. Kd2 Nxa5 1/2-1/2


[Site "https://www.chess.com"]

[Event "Titled Tuesday Blitz November 29 Early 2022"]
[White "Bettalli, Francesco"]
[Black "Tasev, Dejan"]
[WhiteFideId "2816453"]
[BlackFideId "936618"]
[WhiteElo "2216"]
[BlackElo "2256"]
[Result "0-1"]
[Round "09"]
[TimeControl "180+1"]
[Date "2022.11.30"]
[WhiteClock "0:00:11"]
[BlackClock "0:00:04"]

1. d4 Nf6 2. Nc3 d5 3. Bg5 e6 4. e4 dxe4 5. Nxe4 Nbd7 6. Nf3 Be7 7. Bxf6 Nxf6 8. Nxf6+ Bxf6 9. c3 O-O 10. Bd3 b6 11. Qe2 Bb7 12. h4 h6 13. O-O-O Qd5 14. Kb1 Rfd8 15. Rh3 c5 16. g4 cxd4 17. g5 Be7 18. gxh6 gxh6 19. Rg3+ Kf8 20. Nxd4 Bf6 21. Nc2 Ke7 22. Ne3 Qe5 23. Nf5+ exf5 24. Re3 Be4 25. f3 Kf8 26. fxe4 f4 27. Rf3 Bxh4 28. Rh1 Bg5 29. Qc2 Rd6 30. Bc4 Rc8 31. Bd5 Rc7 32. Qa4 Kg7 33. Rg1 a5 34. Qb3 Rc5 35. c4 f5 36. exf5 Qxf5+ 37. Ka1 Qe5 38. Qd1 Rc7 39. Re1 Qf6 40. Re8 Rxd5 41. cxd5 a4 42. Re6 Qf5 43. Rxb6 a3 44. d6 axb2+ 45. Rxb2 Rd7 46. Re2 Bf6+ 47. Rb2 Rb7 48. Rb3 Rxb3 49. Qxb3 f3 50. Qb7+ Kg6 51. d7 f2 52. Qg2+ Kf7 53. Qf1 Qxd7 54. Qc4+ Kg7 55. Qf1 Qd4 56. Qg2+ Kf7 57. Qb7+ Kg6 58. Qg2+ Kf7 59. Qb7+ Kg8 60. Qa8+ Kh7 61. Qb7+ Bg7 62. Qe4+ Qxe4 63. a4 Qd4 64. Ka2 Qxb2# 0-1


[Site "https://www.chess.com"]

[Event "Titled Tuesday Blitz November 29 Early 2022"]
[White "Blokhin, Sofia"]
[Black "Roque Sola, Jose Luis"]
[WhiteFideId "4508190"]
[BlackFideId "5120390"]
[WhiteElo "2005"]
[BlackElo "2117"]
[Result "1-0"]
[Round "09"]
[TimeControl "180+1"]
[Date "2022.11.30"]
[WhiteClock "0:00:45"]
[BlackClock "0:00:09"]

1. e4 e6 2. d4 d5 3. e5 c5 4. c3 Nc6 5. Nf3 Nge7 6. a3 cxd4 7. cxd4 Nf5 8. Nc3 Be7 9. Be3 Bd7 10. Bd3 Nxe3 11. fxe3 Rc8 12. O-O Na5 13. Qc2 Nc4 14. Rae1 Qa5 15. e4 Nxa3 16. Qb3 dxe4 17. Nxe4 Nb5 18. Rc1 O-O 19. h4 Qb6 20. Bxb5 Qxb5 21. Qe3 Qxb2 22. Rb1 Qa3 23. Qf4 Bc6 24. Nf6+ Bxf6 25. exf6 Bxf3 26. Qg5 g6 27. Qh6 1-0


[Site "https://www.chess.com"]

[Event "Titled Tuesday Blitz November 29 Early 2022"]
[White "Boros, Denes"]
[Black "Bok, Benjamin"]
[WhiteFideId "722340"]
[BlackFideId "1017063"]
[WhiteElo "2464"]
[BlackElo "2658"]
[Result "1/2-1/2"]
[Round "09"]
[TimeControl "180+1"]
[Date "2022.11.29"]
[WhiteClock "0:00:11"]
[BlackClock "0:00:04"]

1. d4 Nf6 2. Nc3 d5 3. Nf3 Bf5 4. Bf4 e6 5. e3 Bb4 6. Bd3 Ne4 7. O-O O-O 8. Ne2 Bd6 9. c4 dxc4 10. Bxc4 Nc6 11. Bb5 Ne7 12. Ne5 Nd5 13. Bg3 c6 14. Bc4 Nxg3 15. Nxg3 Bxe5 16. dxe5 Bg6 17. Qg4 Qc7 18. Bxd5 cxd5 19. Qd4 Rfc8 20. Ne2 Qc2 21. Qg4 Qxb2 22. Nd4 Rc3 23. h4 h5 24. Qg5 Kh7 25. a4 Rac8 26. Nb5 Rc1 27. Rfxc1 Rxc1+ 28. Rxc1 Qxc1+ 29. Kh2 Qc2 30. Qf4 a6 31. Nd6 Qc7 32. g4 hxg4 33. Qxg4 b6 34. h5 Bc2 35. Qf4 Kg8 36. h6 gxh6 37. Ne8 Qe7 38. Nf6+ Kg7 39. Nh5+ Kh7 40. Nf6+ Kg7 41. Nh5+ Kf8 42. Nf6 Kg7 1/2-1/2


[Site "https://www.chess.com"]

[Event "Titled Tuesday Blitz November 29 Early 2022"]
[White "Bowden, Karl"]
[Black "Roman, Rodrigo"]
[WhiteFideId "400548"]
[BlackFideId "3701220"]
[WhiteElo "2474"]
[BlackElo "1995"]
[Result "1-0"]
[Round "09"]
[TimeControl "180+1"]
[Date "2022.11.30"]
[WhiteClock "0:00:50"]
[BlackClock "0:01:49"]

1. e4 c5 2. c3 g6 3. d4 cxd4 4. cxd4 d5 5. exd5 Qxd5 6. Nc3 Qd8 7. Nf3 Nf6 8. Ne5 Bg7 9. Bc4 e6 10. O-O O-O 11. Be3 b6 12. Qf3 Nd5 13. Nxd5 exd5 14. Bxd5 Nc6 15. Nxc6 Qd6 16. Bf4 Qf6 17. Be5 Qxf3 18. Bxf3 Bxe5 19. dxe5 Kg7 20. Ne7 Rb8 21. Nxc8 Rbxc8 22. Rac1 Rce8 23. Rfe1 Re7 24. Bc6 Rd8 25. Ba4 Rd2 26. Kf1 Rxb2 27. Bb3 Rd2 28. Rcd1 Rb2 29. f4 g5 30. Re2 Rxe2 31. Kxe2 gxf4 32. Kf3 Rxe5 33. Rd7 Ra5 34. Rxf7+ Kg6 35. Rxf4 h5 36. Rd4 Rf5+ 37. Ke3 Re5+ 38. Re4 Rg5 39. g3 Rc5 40. Rc4 Re5+ 41. Kf4 Re2 42. Rc2 Re1 43. Rc6+ Kg7 44. Kg5 Re2 45. Kxh5 Rxh2+ 46. Kg5 Rg2 47. Rc7+ Kf8 48. g4 b5 49. Be6 Rf2 50. Bf5 a5 51. Kf6 Rxf5+ 52. gxf5 Ke8 53. Ra7 Kd8 54. Rxa5 Kc8 55. Rxb5 Kc7 56. a4 Kc6 57. Ke6 Kc7 58. f6 Kc6 59. f7 Kc7 60. f8=Q Kc6 61. Qc8# 1-0


[Site "https://www.chess.com"]

[Event "Titled Tuesday Blitz November 29 Early 2022"]
[White "Caruana, Fabiano"]
[Black "Dubov, Daniil"]
[WhiteFideId "2020009"]
[BlackFideId "24126055"]
[WhiteElo "3080"]
[BlackElo "3072"]
[Result "0-1"]
[Round "09"]
[TimeControl "180+1"]
[Date "2022.11.29"]
[WhiteClock "0:00:42"]
[BlackClock "0:00:32"]

1. d4 Nf6 2. c4 e6 3. Nc3 d5 4. cxd5 exd5 5. Nf3 c6 6. Bf4 Bd6 7. Bxd6 Qxd6 8. e3 O-O 9. Bd3 Bg4 10. h3 Bxf3 11. Qxf3 Nbd7 12. O-O Rfe8 13. Rab1 a6 14. Rfc1 Nf8 15. b4 Ne6 16. a4 Rac8 17. Qd1 g6 18. Bf1 Kg7 19. g3 h5 20. h4 Re7 21. Bh3 Rec7 22. b5 cxb5 23. Ne2 Rxc1 24. Nxc1 Ne4 25. axb5 Nc3 26. Qc2 Rc4 27. Ra1 Nxb5 28. Qd2 Nc3 29. Nd3 b5 30. Bxe6 Qxe6 31. Nc5 Qf5 32. Kg2 Ne4 33. Qb2 Nxf2 34. e4 Qh3+ 35. Kf3 Nxe4 36. Nxe4 dxe4+ 37. Kxe4 Qg4+ 38. Ke3 Qxg3+ 39. Ke4 Qg4+ 40. Ke3 Qg3+ 41. Ke4 Qxh4+ 42. Kd3 Qh3+ 43. Ke4 Qf5+ 44. Ke3 Rc2 0-1


[Site "https://www.chess.com"]

[Event "Titled Tuesday Blitz November 29 Early 2022"]
[White "Chernobay, Artem"]
[Black "Shimanov, Aleksandr"]
[WhiteFideId "4167406"]
[BlackFideId "4198603"]
[WhiteElo "2473"]
[BlackElo "2605"]
[Result "0-1"]
[Round "09"]
[TimeControl "180+1"]
[Date "2022.11.29"]
[WhiteClock "0:00:12"]
[BlackClock "0:00:05"]

1. e4 e6 2. d4 d5 3. Nc3 Nf6 4. Bg5 dxe4 5. Nxe4 Be7 6. Bxf6 gxf6 7. Nf3 Nd7 8. Qe2 c6 9. O-O-O Qa5 10. Kb1 b6 11. Nfd2 b5 12. c4 Ba6 13. Nb3 Qb6 14. c5 Qc7 15. g3 Bb7 16. Bg2 a5 17. f4 f5 18. Nf2 Nf6 19. Nd3 Rd8 20. Ne5 a4 21. Nc1 h5 22. Rhe1 Qc8 23. Bf3 Kf8 24. Qg2 Nd5 25. Ncd3 Bf6 26. Re2 a3 27. Bxd5 Rxd5 28. Nb4 Rd8 29. bxa3 Kg7 30. h3 Rdg8 31. Rde1 Kf8 32. Nexc6 h4 33. g4 fxg4 34. hxg4 h3 35. Qh1 Rxg4 36. d5 Rxf4 37. dxe6 Rxb4+ 38. axb4 Bxc6 39. Qf1 Rh6 40. e7+ Ke8 41. Qf4 Rg6 42. Rd1 Bd7 43. Qd6 Bf5+ 44. Rc2 Bxc2+ 45. Kxc2 Bxe7 46. Qe5 Rg2+ 47. Kc1 Rg8 48. Re1 Qd7 49. Qb8+ Qd8 50. Qxb5+ Kf8 51. Qe2 Bf6 52. Qe3 Qd4 53. Qxd4 Bxd4 54. Re4 h2 55. Rh4 Rg1+ 56. Kc2 h1=Q 57. Rxh1 Rxh1 58. c6 Be5 0-1


[Site "https://www.chess.com"]

[Event "Titled Tuesday Blitz November 29 Early 2022"]
[White "Chigaev, Maksim"]
[Black "Rustemov, Alexander"]
[WhiteFideId "4108116"]
[BlackFideId "4119002"]
[WhiteElo "2541"]
[BlackElo "2869"]
[Result "1/2-1/2"]
[Round "09"]
[TimeControl "180+1"]
[Date "2022.11.29"]
[WhiteClock "0:00:09"]
[BlackClock "0:00:14"]

1. c4 c5 2. Nf3 g6 3. d4 cxd4 4. Nxd4 Bg7 5. e4 Nc6 6. Be3 d6 7. Nc3 Nf6 8. Be2 O-O 9. O-O Nxd4 10. Bxd4 Bd7 11. h3 Bc6 12. Qc2 a5 13. Rad1 Nd7 14. Be3 a4 15. b4 axb3 16. axb3 Qa5 17. Nd5 Bxd5 18. Rxd5 Qa2 19. Qxa2 Rxa2 20. Bf3 Rb2 21. Rb5 b6 22. Rd1 Rb8 23. Bc1 Ra2 24. Bg5 Bf6 25. Bxf6 Nxf6 26. e5 dxe5 27. Rxe5 e6 28. Rb5 Ra5 29. Rb4 Rc5 30. Rd6 b5 31. Bc6 Rb6 32. Rd8+ Kg7 33. Bxb5 Nd5 34. cxd5 exd5 35. Rf4 Rcxb5 36. Rd7 Rf6 37. Rd4 Rf5 38. b4 Kf6 39. f4 Kg7 40. g4 Rf6 41. R7xd5 Rxd5 42. Rxd5 Rxf4 43. b5 Rf3 44. Kg2 Rb3 45. g5 h6 46. h4 hxg5 47. hxg5 f5 48. Rd7+ Kf8 49. Rb7 f4 50. Kf2 f3 51. Kg3 Kg8 52. b6 Kf8 53. Kf2 Kg8 54. Rb8+ Kg7 55. b7 Kh7 56. Kg3 Kg7 57. Kf2 Kh7 58. Kg3 Kg7 59. Kf2 1/2-1/2


[Site "https://www.chess.com"]

[Event "Titled Tuesday Blitz November 29 Early 2022"]
[White "Corrales Jimenez, Fidel"]
[Black "Maksimovic, Bojan"]
[WhiteFideId "3506690"]
[BlackFideId "14408120"]
[WhiteElo "2541"]
[BlackElo "2447"]
[Result "1-0"]
[Round "09"]
[TimeControl "180+1"]
[Date "2022.11.29"]
[WhiteClock "0:00:52"]
[BlackClock "0:00:05"]

1. e4 g6 2. d4 Bg7 3. Nc3 d6 4. f4 a6 5. Nf3 Nd7 6. Bd3 c5 7. Be3 cxd4 8. Bxd4 Bxd4 9. Nxd4 Ngf6 10. Qf3 Qc7 11. Nd5 Nxd5 12. exd5 Qa5+ 13. c3 Nf6 14. Bc4 Bg4 15. Qg3 Rc8 16. Bb3 h5 17. h3 Bf5 18. O-O Be4 19. Rae1 Bxd5 20. Qg5 Kd8 21. Rxe7 Kxe7 22. Re1+ Kd7 23. Qxf6 Rhe8 24. Rxe8 Rxe8 25. Qg5 f5 26. Qxg6 Bxb3 27. axb3 Qd5 28. Qxh5 Re1+ 29. Kh2 Rb1 30. Nxf5 Kc7 31. Qh7+ Kb8 32. Ne3 Qd2 33. Qxb1 Qxe3 34. Qf1 1-0


[Site "https://www.chess.com"]

[Event "Titled Tuesday Blitz November 29 Early 2022"]
[White "Cramling Bellon, Anna"]
[Black "Petrova, Irina"]
[WhiteFideId "32009232"]
[BlackFideId "14124122"]
[WhiteElo "1972"]
[BlackElo "2023"]
[Result "0-1"]
[Round "09"]
[TimeControl "180+1"]
[Date "2022.11.30"]
[WhiteClock "0:00:02"]
[BlackClock "0:00:51"]

1. d4 d6 2. Nf3 g6 3. c4 Bg7 4. e4 Bg4 5. Be2 Nc6 6. Be3 Bxf3 7. Bxf3 e5 8. d5 Nd4 9. Nc3 Ne7 10. O-O O-O 11. Bxd4 exd4 12. Ne2 c5 13. dxc6 Nxc6 14. Rb1 Qf6 15. b4 Rac8 16. b5 Ne5 17. Nxd4 Nxc4 18. Nb3 Na3 19. Rc1 Rxc1 20. Qxc1 Nxb5 21. Rd1 Nc3 22. Rd3 Re8 23. Re3 Nxa2 24. Qb1 Nc3 25. Qc1 Rc8 26. g3 Qxf3 27. Rxf3 Ne2+ 28. Kg2 Nxc1 29. Nxc1 Rxc1 30. Rb3 Rc7 31. f4 Bd4 32. Kf3 Rc3+ 33. Rxc3 Bxc3 0-1


[Site "https://www.chess.com"]

[Event "Titled Tuesday Blitz November 29 Early 2022"]
[White "D`Arruda, Ricardo D."]
[Black "Jimenez, Joaquin"]
[WhiteFideId "100692"]
[BlackFideId "109860"]
[WhiteElo "2463"]
[BlackElo "2163"]
[Result "1/2-1/2"]
[Round "09"]
[TimeControl "180+1"]
[Date "2022.11.30"]
[WhiteClock "0:00:23"]
[BlackClock "0:00:23"]

1. d4 Nf6 2. Nf3 g6 3. Nc3 d5 4. Bg5 Bg7 5. Bxf6 Bxf6 6. e4 dxe4 7. Nxe4 Bg7 8. Bc4 O-O 9. O-O Bg4 10. c3 Nd7 11. h3 Bxf3 12. Qxf3 c6 13. Rad1 e6 14. Rfe1 Nf6 15. Nc5 Qc7 16. a4 b6 17. Nd3 Nd5 18. h4 h5 19. Ne5 Bxe5 20. Rxe5 Rad8 21. Rde1 Kg7 22. Bxd5 cxd5 23. Rg5 Qd7 24. Qxh5 Qxa4 25. Rxe6 Qc2 26. Re7 Rde8 27. Rxa7 Re1+ 28. Kh2 Qb1 29. Qg4 Rh8 30. Qf4 Rxh4+ 31. Qxh4 Rh1+ 32. Kg3 Rxh4 33. Kxh4 Qxb2 34. Rg3 Qxf2 35. Kh3 Qf5+ 36. Kh2 Qh5+ 37. Rh3 Qe2 38. Rf3 Qe6 39. Raxf7+ Qxf7 40. Rxf7+ Kxf7 41. Kg3 Kf6 42. Kf4 g5+ 43. Kg4 Kg6 44. g3 b5 45. Kf3 Kf5 46. g4+ Ke6 47. Ke3 Kd6 48. Kd3 Kc6 49. Kc2 Kb6 50. Kb3 Ka5 51. Ka3 Ka6 52. Kb4 Kb6 53. Kb3 Ka5 54. Ka3 Ka6 55. Kb4 Kb6 56. Kb3 1/2-1/2


[Site "https://www.chess.com"]

[Event "Titled Tuesday Blitz November 29 Early 2022"]
[White "Devaev, Alexander"]
[Black "Buksa, Nataliya"]
[WhiteFideId "4169395"]
[BlackFideId "14123622"]
[WhiteElo "2225"]
[BlackElo "2313"]
[Result "0-1"]
[Round "09"]
[TimeControl "180+1"]
[Date "2022.11.30"]
[WhiteClock "0:00:01"]
[BlackClock "0:01:50"]

1. d4 d5 2. Nf3 e6 3. c4 Nf6 4. Nc3 Nbd7 5. Bg5 Be7 6. e3 h6 7. Bh4 O-O 8. Qc2 c5 9. dxc5 Nxc5 10. cxd5 Nxd5 11. Nxd5 Bxh4 12. Qxc5 exd5 13. Nxh4 Qxh4 14. Be2 Be6 15. O-O Rfc8 16. Qb5 b6 17. Rac1 Qf6 18. Bf3 Rxc1 19. Rxc1 Rd8 20. Rd1 d4 21. exd4 Rxd4 22. Rxd4 Qxd4 23. a3 g6 24. h3 Kg7 25. Qe2 a5 26. Qb5 h5 27. h4 Kh7 28. g3 Kg7 29. Kg2 Bc4 30. Qg5 Qxb2 31. Bxh5 Qxa3 32. Qe5+ Kh7 33. Bf3 Qc5 34. Qf6 Bd5 35. Bxd5 Qxd5+ 36. Kg1 b5 37. Qb6 a4 38. Qa7 Kg7 39. Kh2 Qe5 0-1


[Site "https://www.chess.com"]

[Event "Titled Tuesday Blitz November 29 Early 2022"]
[White "Donskov, Anatoly"]
[Black "Zaichenko, Daria"]
[WhiteFideId "24143413"]
[BlackFideId "4197453"]
[WhiteElo "2219"]
[BlackElo "2039"]
[Result "1-0"]
[Round "09"]
[TimeControl "180+1"]
[Date "2022.11.30"]
[WhiteClock "0:00:53"]
[BlackClock "0:00:53"]

1. e4 c5 2. Nf3 Nc6 3. Nc3 g6 4. Bb5 Bg7 5. Bxc6 bxc6 6. e5 d5 7. exd6 exd6 8. O-O Ne7 9. Re1 O-O 10. d3 Nd5 11. Bd2 Qc7 12. Rb1 Be6 13. Ne4 h6 14. c4 Nb4 15. Bf4 Rad8 16. Nxc5 Qb6 17. Nxe6 fxe6 18. Be3 c5 19. a3 Nc6 20. b4 Nd4 21. Bxd4 cxd4 22. Rxe6 Kh7 23. Qe2 Qc6 24. Re1 Rd7 25. Re7 Rf7 26. Rxd7 Qxd7 27. h3 Qf5 28. Qe4 Qf6 29. b5 Bf8 30. Qxd4 Qf5 31. a4 h5 32. a5 g5 33. Qe4 Kg6 34. Qxf5+ Kxf5 35. Nd4+ Kf6 36. Re6+ Kg7 37. a6 Rc7 38. Nc6 Kf7 39. Re4 1-0


[Site "https://www.chess.com"]

[Event "Titled Tuesday Blitz November 29 Early 2022"]
[White "Durarbayli, Vasif"]
[Black "Tarlabasi, Emirhan"]
[WhiteFideId "13402935"]
[BlackFideId "6350275"]
[WhiteElo "2586"]
[BlackElo "2200"]
[Result "1-0"]
[Round "09"]
[TimeControl "180+1"]
[Date "2022.11.29"]
[WhiteClock "0:00:28"]
[BlackClock "0:00:22"]

1. e4 c5 2. Nf3 e6 3. d4 cxd4 4. Nxd4 Nf6 5. Nc3 Nc6 6. Ndb5 Bb4 7. a3 Bxc3+ 8. Nxc3 d5 9. exd5 Nxd5 10. Nxd5 exd5 11. Be2 Bf5 12. O-O d4 13. Bd3 Bxd3 14. Re1+ Ne7 15. cxd3 O-O 16. Qg4 Re8 17. Bg5 Qd6 18. Bxe7 Rxe7 19. Rxe7 Qxe7 20. Qxd4 a6 21. Qe3 Qf6 22. d4 Rd8 23. Rd1 h6 24. Qe4 Qb6 25. Rd2 Qa5 26. Qe3 Qa4 27. h3 Re8 28. Qf3 Qd7 29. d5 Qd6 30. g3 Re5 31. Kg2 h5 32. h4 g6 33. Kh2 Rf5 34. Qe4 Re5 35. Qf4 Kg7 36. Qd4 Kg8 37. b4 b6 38. Qc4 Re1 39. Qxa6 Qe5 40. Qa8+ Kg7 41. d6 Qc3 42. Qd5 Re5 43. Qxe5+ Qxe5 44. d7 1-0


[Site "https://www.chess.com"]